 Dungeon Crawl Stone Soup version 0.19-a0-1855-gb7442ac (webtiles) character file.

99044 Huckle the Alchemist (level 15, -1/100 HPs)
             Began as a Felid Transmuter on Oct 4, 2016.
             Was a High Priest of Ru.
             Slain by a glaive of chopping (14 damage)
             ... on level 2 of the Elven Halls on Oct 12, 2016.
             The game lasted 08:22:12 (61905 turns).

Huckle the Alchemist (Felid Transmuter)            Turns: 61905, Time: 08:22:14

Health: -1/100     AC: 25    Str: 10    XL:     15   Next: 39%
Magic:  27/31      EV: 37    Int: 19    God:    Ru [*****.]
Gold:   17         SH:  4    Dex: 23    Spells: 8 memorised, 1 level left
                                        Lives:  0   Deaths: 5

rFire  . . .     SeeInvis +       - Unarmed
rCold  . . .     Gourm    .     (armour unavailable)
rNeg   + . .     Faith    .     (shield unavailable)
rPois  ∞         Spirit   .     (helmet unavailable)
rElec  +         Dismiss  .     (cloak unavailable)
rCorr  .         Reflect  +     (gloves unavailable)
MR     ++...     Harm     .     (boots unavailable)
Stlth  ++++++++.. Clarity  +    x - +4 amulet of reflection Rnd*Tele +
                                D - ring "Xiyschod" {Wiz Dex+3}
                                g - ring of the Queen {*Tele Int+4}

@: agile, statue-form, repel missiles, drained, very slow
A: no armour, no weapons or thrown items, stealth, claws 1, fangs 3, camouflage
1, see invisible, carnivore 3, clarity, clumsy 2, (speed 0), (shaggy fur 0),
slow metabolism 1, hated by all, inexperienced 1, sharp paws, missing an eye
a: End Transformation, Draw Out Power, Power Leap, Apocalypse, Renounce Religion
}: 1/15 runes: serpentine


You were on level 2 of the Elven Halls.
You worshipped Ru.
Ru was extremely pleased with you.
You were very full.
You were a stone statue.
You visited 9 branches of the dungeon, and saw 36 of its levels.
You also visited: Ice Cave and Desolation.

You collected 2835 gold pieces.
You spent 2818 gold pieces at shops.

Inventory:

Missiles
 n - 2 arrows
Jewellery
 f - an uncursed ring of positive energy
 g - the ring of the Queen (left paw) {*Tele Int+4}
   (You found it in the Desolation of Salt)

   [ring of teleportation]

   It may teleport you next to monsters.
   It affects your intelligence (+4).
 k - an uncursed ring of stealth
 x - a +4 amulet of reflection (around neck)
 z - a +6 ring of evasion
 D - the ring "Xiyschod" (right paw) {Wiz Dex+3}
   (You bought it in a shop on level 10 of the Dungeon)

   [ring of wizardry]

   It improves your spell success rate.
   It affects your dexterity (+3).
 G - a +4 ring of protection
Wands
 h - a wand of iceblast (0/15)
 j - a wand of heal wounds (0/9)
 m - a wand of lightning (12/15)
 q - a wand of slowing (18/48)
 r - a wand of digging (14/24)
 s - a wand of acid (7/15)
 v - a wand of confusion (48/48)
 w - a wand of iceblast (4/15)
 H - a wand of disintegration (0/24)
 I - a wand of iceblast (10/15)
 L - a wand of acid (11/15)
 Q - a wand of paralysis (10/24)
 R - a wand of acid (10/15)
 W - a wand of teleportation (0/9)
 X - a wand of iceblast (1/15)
Scrolls
 d - 13 scrolls of remove curse
 l - a scroll of magic mapping
 t - 2 scrolls of fog
 A - 2 scrolls of amnesia
 J - 2 scrolls of teleportation
Potions
 a - 3 potions of flight
 o - a potion of cure mutation
 C - a potion of might
 F - a potion of cancellation
 K - 4 potions of magic
 P - 2 potions of brilliance
 Z - a potion of resistance
Miscellaneous
 M - a fan of gales
 S - a disc of storms
Comestibles
 b - a slice of pizza
 c - 11 meat rations
 p - a beef jerky


   Skills:
 - Level 15.4(14.0) Fighting
 - Level 14.3(13.0) Dodging
 - Level 14.9(13.5) Stealth
 - Level 15.7(14.4) Unarmed Combat
 - Level 11.0(9.8) Spellcasting
 - Level 13.9(12.6) Translocations
 + Level 17.5(16.1) Transmutations
 - Level 5.4(4.4) Earth Magic


You had one spell level left.
You knew the following spells:

 Your Spells              Type           Power        Failure   Level  Hunger
a - Beastly Appendage     Tmut           ######       0%          1    None
b - Controlled Blink      Tloc           N/A          93%         8    #######
c - Blade Hands           Tmut           ######....   1%          5    #####..
d - Ice Form              Ice/Tmut       #####...     1%          4    ###....
e - Blink                 Tloc           N/A          1%          2    None
f - Repel Missiles        Chrm/Air       #.....       6%          2    None
g - Statue Form           Tmut/Erth      #####....    9%          6    ######.
h - Dragon Form           Tmut           ######....   4%          7    #######


Dungeon Overview and Level Annotations

Branches:
Dungeon (15/15)            Temple (1/1) D:5            Lair (6/6) D:10
 Shoals (2/4) Lair:3        Snake (4/4) Lair:2        Slime (0/5) Lair:5
    Orc (2/2) D:9             Elf (3/3) Orc:2        Vaults (2/5) D:14
 Depths (1/5) D:15
  Crypt: Vaults:2-3

Altars:
Dithmenos
Elyvilon
Fedhas
Kikubaaqudgha
Makhleb
Ru
Sif Muna
Vehumet
Zin
The Shining One
Jiyva

Shops:
D:4 *   D:8 :   D:10 ==   D:13 [   Orc:2 (*!*   Vaults:1 [

Portals:
Hell: Lair:6

Annotations:
Snake:3 Vashnia
Elf:2 1 runed door
Depths:1 Jorgrun


Innate Abilities, Weirdness & Mutations

You cannot wear armour.
You are incapable of wielding weapons or throwing items.
Your paws allow you to move quietly. (Stealth)
You have sharp claws.
You have razor-sharp teeth.
You have supernaturally acute eyesight. (SInv)
You are carnivorous and can eat meat at any time.
You are very clumsy. (Dex -4)
((You cover ground quickly.))
((Your thick and shaggy fur keeps you warm. (AC +3, rC+)))
You have a slow metabolism.
You are hated by all.
You are somewhat inexperienced. (-2 XL)
Your sharp claws are effective at attacking unaware monsters.
You are missing an eye, making it more difficult to aim.
Your skin changes colour to match your surroundings (Stealth+).
You possess an exceptional clarity of mind.


Message History

Casting: Blink
Confirm with . or Enter, or press ? or * to list all spells.
You blink.
The deep elf mage points at you and mumbles some strange words.
The orb of energy hits you!
* * * LOW HITPOINT WARNING * * *
You feel better.
The deep elf mage hits you but does no damage.
The hand axe of electrocution misses you.
You block the deep elf mage's attack.
Okay, then.
Okay, then.
You feel agile all of a sudden.
You feel less exhausted.
The hand axe of electrocution completely misses you.
You redirect the hand axe of electrocution's attack!
The hand axe of electrocution hits itself.
The deep elf mage hits you with a rapier.
* * * LOW HITPOINT WARNING * * *
The glaive of chopping hits you from afar!
You die...

.# ...#..# #...#...#...# .# ..
#..# #.).#.####..# .# #..#
#...#.#><#..#
e#+#########..######...#(####..#
.......................#...#.....
..)..........(.........+...#.....
.............(.........#§.!#.....
#'############'#########...####+#
................8((............
..)..............e...............
.................................
....................#####.#.#####
........=...........# .#...###
....................# .#....##
....................# ##)...#
.........E..........# #....#
...)............... ##...#


You could see a water elemental (wandering), a deep elf mage and 2 dancing
weapons.

Vanquished Creatures
  A tengu reaver (D:14)
  Kirke (D:13)
  13 nagarajas
  A vault warden (Vaults:1)
  Aizul (Snake:2)
  3 imperial myrmidons (Desolation)
  2 angels (Elf:1)
  2 entropy weavers (Lair:5)
  Nessos (D:13)
  2 halazid warlocks (Desolation)
  Azrael (D:15)
  A death ooze (Lair:6)
  4 ragged hierophants (Desolation)
  Erolcha (Orc:1)
  A yaktaur captain (D:15)
  A great orb of eyes (Lair:6)
  10 hydras
  5 servants of whispers (Desolation)
  26 naga warriors
  Harold (Orc:1)
  A rakshasa (Vaults:1)
  5 peacekeepers (Desolation)
  7 centaur warriors
  16 anacondas
  A vault guard (D:14)
  2 death knights
  2 catoblepae
  3 ogre magi
  A queen ant (Lair:5)
  A tengu warrior (D:12)
  7 death yaks
  14 dancing weapons
  11 naga sharpshooters
  4 orc high priests (Orc:2)
  Urug (Orc:1)
  10 shock serpents
  Sonja (D:13)
  7 deep elf knights
  A sun demon (Lair:6)
  2 salamander mystics
  A skeletal warrior (D:15)
  4 unseen horrors
  8 naga ritualists
  A phantasmal warrior (D:13)
  A lindwurm (Lair:3)
  6 orc knights
  10 wizards
  3 hill giants
  An ironbrand convoker (Desolation)
  4 deep elf archers
  8 ugly things
  41 deep elf magi
  2 mana vipers (Snake:4)
  A manticore (D:14)
  5 orc sorcerers (Orc:2)
  An oklob plant (Lair:6)
  12 salamanders
  5 elephants
  6 cyclopes
  9 guardian serpents
  15 naga magi
  33 black mambas
  A vault sentinel (Vaults:1)
  Maurice (D:9)
  3 orange demons (Lair:6)
  A smoke demon (Lair:6)
  2 gargoyles
  6 rime drakes
  14 spiny frogs
  3 yaktaurs
  A kobold demonologist (D:14)
  A yaktaur (shapeshifter) (D:15)
  2 freezing wraiths
  4 komodo dragons
  4 ice devils (Lair:6)
  An efreet (D:12)
  7 trolls
  A hellwing (Lair:6)
  A merfolk (Lair:3)
  A red devil (Lair:6)
  A tengu conjurer (D:12)
  5 meliai (D:14)
  A wind drake (shapeshifter) (Elf:2)
  3 hornets
  A polar bear (Lair:5)
  36 saltlings
  20 blink frogs
  11 slime creatures
  6 two-headed ogres
  16 hippogriffs
  A water elemental (Elf:2)
  A shadow (D:14)
  3 wyverns
  A vampire (D:13)
  3 air elementals
  5 fire elementals
  47 yaks
  A fire bat (shapeshifter) (D:14)
  A wyvern (shapeshifter) (D:14)
  7 hogs
  2 steam dragons
  A human (D:7)
  2 hungry ghosts (D:14)
  4 wraiths
  3 basilisks
  6 vampire mosquitoes
  5 wargs (Orc:1)
  72 nagas
  2 mottled dragons
  15 water moccasins
  19 soldier ants
  4 porcupines
  Duvessa (D:6)
  5 hell hounds (D:15)
  34 orc warriors
  5 sky beasts
  A black bear (D:6)
  6 ice beasts
  3 phantoms
  The ghost of Rationalist the Chopper, an amateur MiGl (D:3)
  16 ogres
  6 wolves
  6 centaurs
  20 crocodiles
  3 big kobolds
  A gnoll sergeant (D:8)
  2 wyvern zombies
  21 bullfrogs
  3 earth elementals
  8 scorpions
  7 killer bees
  Dowan (D:6)
  9 wights
  An electric eel (Lair:1)
  9 howler monkeys
  8 crimson imps
  2 centaur zombies
  4 bullfrog zombies
  9 hounds
  4 jellies
  5 bullfrog skeletons
  9 centaur skeletons
  28 orc priests
  41 orc wizards
  10 iguanas
  24 worker ants
  A hound skeleton (D:10)
  A worker ant zombie (D:10)
  10 gnolls
  15 adders
  44 river rats
  2 shadow imps
  5 oozes
  2 adder skeletons
  An adder zombie (D:5)
  2 worms
  5 leopard geckos
  114 orcs
  6 bats
  7 giant cockroaches
  16 goblins
  15 hobgoblins
  17 jackals
  8 quokkas
  A ball python (D:1)
  9 frilled lizards
  A giant cockroach zombie (D:8)
  A jackal zombie (D:5)
  23 kobolds
  A leopard gecko skeleton (D:5)
  5 rats
  A fungus (Lair:5)
1337 creatures vanquished.

Vanquished Creatures (others)
  An anaconda (Snake:4)
  2 deep elf knights (Elf:1)
  A naga sharpshooter (Snake:4)
  An unseen horror (D:15)
  A wizard (D:14)
  2 hill giants
  A deep elf archer (Elf:2)
  A black mamba (Snake:4)
  An ice devil (Lair:5)
  A saltling (Desolation)
  A human (D:13)
  An ogre (Orc:1)
  A bullfrog (D:14)
  An orc wizard (D:5)
  A worker ant (D:13)
  3 orcs
  A quokka (D:6)
  8 bushes (Lair:6)
  28 fungi
  23 plants
80 creatures vanquished.

Grand Total: 1417 creatures vanquished

Notes
Turn   | Place    | Note
-------+----------+-------------------------------------------
     0 | D:1      | Huckle the Felid Transmuter began the quest for the Orb.
     0 | D:1      | Reached XP level 1. HP: 9/9 MP: 4/4
   216 | D:1      | Reached XP level 2. HP: 12/12 MP: 4/6
   439 | D:1      | Reached skill level 3 in Transmutations
  1570 | D:1      | Reached XP level 3. HP: 15/15 MP: 5/7
  1621 | D:1      | Learned a level 3 spell: Spider Form
  2085 | D:2      | Reached skill level 4 in Transmutations
  2198 | D:2      | Reached XP level 4. HP: 15/19 MP: 4/8
  2508 | D:2      | You fall through a shaft!
  3652 | D:3      | Found a faded altar of an unknown god.
  3731 | D:3      | Reached skill level 1 in Stealth
  3731 | D:3      | Reached XP level 5. HP: 22/22 MP: 5/9
  3751 | D:3      | Reached skill level 5 in Transmutations
  3764 | D:3      | Learned a level 5 spell: Blade Hands
  3917 | D:3      | Noticed Rationalist's ghost (amateur MiGl)
  3974 | D:3      | Killed Rationalist's ghost
  3974 | D:3      | Gained mutation: You are covered in thick fur. (AC +2) [Felid growth]
  3974 | D:3      | Reached XP level 6. HP: 27/27 MP: 7/10
  4942 | D:5      | Entered Level 5 of the Dungeon
  4968 | D:5      | Found a blossoming altar of Fedhas.
  5343 | D:4      | Reached XP level 7. HP: 31/31 MP: 4/11
  5420 | D:4      | Found Losecsei's General Store.
  5429 | D:4      | Bought a potion of might for 44 gold pieces
  5429 | D:4      | Bought a potion of might for 44 gold pieces
  5429 | D:4      | Bought a scroll of amnesia for 38 gold pieces
  5429 | D:4      | Bought a scroll of fog for 22 gold pieces
  6667 | D:5      | Found a staircase to the Ecumenical Temple.
  6673 | Temple   | Entered the Ecumenical Temple
  6677 | Temple   | Became a worshipper of Ru the Awakened
  6800 | D:5      | Slain by an orc
  6801 | D:5      | Reached XP level 6. HP: -3/28 MP: 10/10
  6873 | D:5      | HP: 1/28 [centaur/arrow (8)]
  7298 | D:4      | Reached XP level 7. HP: 19/32 MP: 5/11
  7341 | D:4      | Reached skill level 6 in Transmutations
  7632 | D:5      | Reached skill level 5 in Unarmed Combat
  7934 | D:5      | Reached skill level 5 in Dodging
  8980 | D:5      | Reached skill level 5 in Fighting
  8980 | D:5      | Reached XP level 8. HP: 24/37 MP: 6/12
  9084 | D:5      | Reached XP level 9. HP: 40/40 MP: 12/25
  9789 | D:7      | Reached skill level 7 in Transmutations
  9964 | D:7      | Gained mutation: You possess an exceptional clarity of mind. [mutagenic meat]
  9964 | D:7      | Gained mutation: Your skin changes colour to match your surroundings (Stealth+). [potion of beneficial mutation]
 10607 | D:7      | Reached skill level 5 in Stealth
 11282 | D:6      | Reached XP level 10. HP: 45/45 MP: 17/26
 11306 | D:6      | Noticed Duvessa
 11926 | D:6      | Noticed Dowan
 12037 | D:6      | Found a white marble altar of Elyvilon.
 12168 | D:6      | Killed Dowan
 12228 | D:6      | Killed Duvessa
 12574 | D:8      | Found Vepixigho's Book Boutique.
 12577 | D:8      | Bought a book of Minor Magic for 280 gold pieces
 12583 | D:8      | Learned a level 4 spell: Ice Form
 12586 | D:8      | Learned a level 2 spell: Blink
 12589 | D:8      | Learned a level 2 spell: Repel Missiles
 13457 | D:8      | Reached skill level 8 in Transmutations
 14200 | D:9      | Noticed Maurice
 14226 | D:9      | Killed Maurice
 14739 | D:9      | Found a staircase to the Orcish Mines.
 15189 | D:10     | Entered Level 10 of the Dungeon
 15189 | D:10     | Found a staircase to the Lair.
 15189 | D:10     | Noticed an elephant
 15240 | D:10     | Found Zyesiymu's Jewellery Boutique.
 15412 | D:10     | Upgraded the game from 0.19-a0-1792-g28b16ba to 0.19-a0-1815-g4007336
 15933 | D:10     | Found Hoklen's Jewellery Boutique.
 16313 | D:10     | Reached XP level 11. HP: 47/50 MP: 17/27
 17466 | D:11     | Noticed a hill giant
 17497 | Lair:1   | Entered Level 1 of the Lair of Beasts
 17507 | Lair:1   | Reached skill level 9 in Transmutations
 17530 | Lair:1   | Found a labyrinth entrance.
 18124 | Lair:1   | Gained mutation: You are missing an eye, making it more difficult to aim. [Ru sacrifice]
 18124 | Lair:1   | Reached * piety under Ru
 19865 | Lair:2   | Found a staircase to the Snake Pit.
 19885 | Snake:1  | Entered Level 1 of the Snake Pit
 21293 | Lair:2   | Noticed an eight-headed hydra
 21441 | Lair:3   | Found a frozen archway.
 21452 | IceCv    | Entered an ice cave
 21452 | IceCv    | Noticed a white ugly thing
 21470 | IceCv    | Noticed a white ugly thing
 23235 | Lair:3   | Reached skill level 10 in Transmutations
 23267 | Lair:3   | Gained mutation: Your thick and shaggy fur keeps you warm. (AC +3, rC+) [Felid growth]
 23267 | Lair:3   | Reached XP level 12. HP: 44/56 MP: 25/28
 24481 | Lair:4   | Noticed a catoblepas
 24496 | Lair:4   | Slain by a catoblepas
 24497 | Lair:4   | Reached XP level 11. HP: 0/53 MP: 24/27
 24954 | Lair:5   | Found a staircase to the Slime Pits.
 25104 | Lair:6   | Entered Level 6 of the Lair of Beasts
 25104 | Lair:6   | Noticed an oklob plant
 25104 | Lair:6   | Noticed a six-headed hydra
 25547 | Lair:5   | Learned a level 6 spell: Statue Form
 25802 | D:10     | Bought the ring "Xiyschod" {Wiz Dex+3} for 433 gold pieces
 26069 | D:11     | Noticed a white ugly thing
 26155 | D:10     | Noticed a five-headed hydra
 26205 | D:10     | Reached skill level 1 in Earth Magic
 26636 | Lair:1   | Reached skill level 11 in Transmutations
 27561 | Lair:2   | Killed an eight-headed hydra
 27964 | Lair:4   | Killed a catoblepas
 27966 | Lair:4   | Reached skill level 12 in Transmutations
 27966 | Lair:4   | Reached XP level 12. HP: 57/57 MP: 24/28
 28430 | Lair:5   | Noticed an entropy weaver
 28432 | Lair:5   | Noticed a queen ant
 28516 | Lair:6   | Killed from afar by a rime drake
 28517 | Lair:6   | Reached XP level 11. HP: -6/68 MP: 27/27
 28796 | Lair:4   | Noticed a five-headed hydra
 28976 | D:11     | Killed a hill giant
 29180 | D:11     | Gained mutation: You are clumsy. (Dex -2) [Ru sacrifice]
 29730 | D:12     | Noticed a hill giant
 29753 | D:12     | Noticed a deep elf mage
 29807 | D:12     | Killed a hill giant
 30263 | D:12     | Noticed a four-headed hydra
 30264 | D:12     | Killed a four-headed hydra
 30492 | D:12     | Noticed a tengu warrior
 30507 | D:12     | Killed a tengu warrior
 30507 | D:12     | Reached skill level 13 in Transmutations
 30574 | D:12     | Noticed an unseen horror
 30579 | D:12     | Noticed a deep elf mage
 30580 | D:12     | Killed an unseen horror
 30644 | D:12     | Killed a deep elf mage
 30987 | D:12     | Reached skill level 5 in Earth Magic
 30987 | D:12     | Reached XP level 12. HP: 57/57 MP: 23/28
 31323 | D:10     | Killed a five-headed hydra
 31516 | Lair:3   | Noticed a catoblepas
 31547 | Lair:3   | Killed a catoblepas
 31565 | Lair:3   | Found a staircase to the Shoals.
 31614 | Shoals:1 | Entered Level 1 of the Shoals
 31811 | Lair:3   | Reached skill level 14 in Transmutations
 32000 | Lair:4   | Killed a five-headed hydra
 32032 | Lair:4   | Noticed a five-headed hydra
 32042 | Lair:4   | Killed a five-headed hydra
 32194 | Lair:5   | Killed an entropy weaver
 32240 | Lair:5   | Noticed an entropy weaver
 32506 | Lair:4   | Learned a level 7 spell: Dragon Form
 32570 | Lair:5   | Killed an entropy weaver
 32879 | Lair:5   | Killed a queen ant
 32979 | Lair:6   | Reached XP level 13. HP: 61/61 MP: 29/29
 33205 | Lair:6   | Reached skill level 10 in Unarmed Combat
 33217 | Lair:6   | Reached skill level 10 in Fighting
 33564 | Lair:6   | Found a viscous altar of Jiyva.
 33564 | Lair:6   | Noticed a death ooze
 34056 | Lair:6   | Found a burning altar of Makhleb.
 34440 | Lair:6   | Reached skill level 10 in Stealth
 34831 | Lair:6   | Found a gateway to Hell.
 34838 | Lair:6   | Identified Further Progress in Theurgy
 35258 | Lair:6   | Reached skill level 10 in Dodging
 36104 | D:13     | Reached skill level 15 in Transmutations
 36104 | D:13     | Reached XP level 14. HP: 66/66 MP: 24/30
 36151 | D:13     | Found Jepnuga's Antique Armour Boutique.
 36583 | D:13     | Noticed Sonja
 36650 | D:13     | Killed Sonja
 36927 | D:13     | Noticed Nessos
 37713 | D:14     | Found a gate to the Vaults.
 38604 | D:14     | Noticed a tengu reaver
 38609 | D:14     | Killed a tengu reaver
 38732 | D:15     | Entered Level 15 of the Dungeon
 39425 | D:15     | Noticed Azrael
 39448 | D:15     | Killed Azrael
 39448 | D:15     | Reached XP level 15. HP: 68/72 MP: 31/31
 40406 | D:15     | Found a staircase to the Depths.
 40435 | Depths:1 | Entered Level 1 of the Depths
 40435 | Depths:1 | Noticed Jorgrun
 40435 | Depths:1 | Noticed a tengu reaver
 40736 | D:13     | Noticed Kirke
 40754 | D:13     | Reached skill level 16 in Transmutations
 40763 | D:13     | Killed Kirke
 40916 | D:13     | Killed Nessos
 41415 | Orc:1    | Entered Level 1 of the Orcish Mines
 41610 | Orc:1    | Gained mutation: You are hated by all. [Ru sacrifice]
 41610 | Orc:1    | Reached ** piety under Ru
 41632 | Orc:1    | Noticed Erolcha
 41640 | Orc:1    | Killed Erolcha
 41710 | Orc:1    | Noticed Harold
 41742 | Orc:1    | Killed Harold
 41892 | Orc:1    | Noticed Urug
 41897 | Orc:1    | Killed Urug
 41976 | Orc:2    | Entered Level 2 of the Orcish Mines
 42692 | Orc:2    | Found a staircase to the Elven Halls.
 43015 | Orc:2    | Found Jacvyimp's General Store.
 43652 | Orc:2    | Found Jifax's Antique Weapon Boutique.
 43701 | Orc:2    | Found Agigyir's Distillery.
 43703 | Orc:2    | Found Siluicai's General Store.
 43982 | D:8      | Bought a book of the Warp for 1260 gold pieces
 43997 | D:8      | Learned a level 8 spell: Controlled Blink
 44130 | Orc:2    | Bought a scroll of identify for 20 gold pieces
 44130 | Orc:2    | Bought a scroll of identify for 20 gold pieces
 44133 | Orc:2    | Bought a potion of agility for 44 gold pieces
 44133 | Orc:2    | Bought a potion of heal wounds for 55 gold pieces
 44133 | Orc:2    | Bought 2 potions of invisibility for 176 gold pieces
 44161 | Orc:2    | Upgraded the game from 0.19-a0-1815-g4007336 to 0.19-a0-1834-g6b7851e
 44456 | Snake:1  | Reached skill level 1 in Translocations
 44588 | Snake:1  | HP: 2/73 [shock serpent/bolt of electricity (25)]
 45379 | Snake:1  | Noticed a nagaraja
 45383 | Snake:1  | Reached XP level 16. HP: 71/77 MP: 27/32
 45738 | Snake:2  | Noticed Aizul
 45751 | Snake:2  | Killed Aizul
 46177 | Snake:3  | Noticed Vashnia
 46564 | Snake:3  | Reached skill level 5 in Translocations
 46673 | Snake:4  | Entered Level 4 of the Snake Pit
 50355 | Snake:3  | Reached XP level 17. HP: 56/82 MP: 27/33
 51307 | Snake:4  | Reached skill level 10 in Translocations
 51499 | Snake:4  | HP: 3/84 [nagaraja (6)]
 51500 | Snake:4  | Slain by a nagaraja
 51501 | Snake:4  | Reached XP level 16. HP: -4/80 MP: 29/32
 51786 | Snake:3  | Upgraded the game from 0.19-a0-1834-g6b7851e to 0.19-a0-1851-g3228ea0
 53891 | Snake:4  | Got a serpentine rune of Zot
 53994 | Snake:4  | Reached skill level 15 in Unarmed Combat
 54267 | Orc:2    | Bought a potion of agility for 44 gold pieces
 54267 | Orc:2    | Bought a potion of might for 44 gold pieces
 54267 | Orc:2    | Bought a potion of brilliance for 44 gold pieces
 54312 | Elf:1    | Entered Level 1 of the Elven Halls
 54361 | Elf:1    | Found a ruined gateway.
 54363 | Elf:1    | Found a white marble altar of Elyvilon.
 54363 | Elf:1    | Found a glowing golden altar of the Shining One.
 54397 | Elf:1    | Found a glowing silver altar of Zin.
 54676 | Desolati | Entered the Desolation of Salt
 54801 | Desolati | Reached XP level 17. HP: 84/84 MP: 29/33
 54815 | Desolati | Got a flickering silver ring
 54831 | Desolati | Got a coiled platinum ring
 54904 | Desolati | Reached skill level 15 in Fighting
 55192 | Desolati | Gained mutation: You are very clumsy. (Dex -4) [Ru sacrifice]
 55192 | Desolati | Reached *** piety under Ru
 55942 | Desolati | Got an ancient ruby amulet
 56121 | Desolati | HP: 2/110 [halazid warlock/ghostly fireball (17)]
 56124 | Desolati | Slain by a guardian serpent
 56125 | Desolati | Reached XP level 16. HP: -3/105 MP: 32/32
 57071 | Elf:3    | Entered Level 3 of the Elven Halls
 57216 | Elf:2    | Found an ancient bone altar of Kikubaaqudgha.
 57318 | Elf:2    | Identified the ring of the Queen {*Tele Int+4} (You found it in the Desolation of Salt)
 57739 | Elf:1    | HP: 5/105 [flail of protection (9)]
 57750 | Elf:1    | Upgraded the game from 0.19-a0-1851-g3228ea0 to 0.19-a0-1855-gb7442ac
 58425 | D:11     | Identified the ring of Ogixamn {Fire rElec rN+ Str-5} (You found it in the Desolation of Salt)
 58631 | Vaults:1 | Entered Level 1 of the Vaults
 59189 | Vaults:1 | Found Lenid's Armour Shoppe.
 59226 | Vaults:1 | Gained mutation: You are somewhat inexperienced. (-2 XL) [Ru sacrifice]
 59226 | Vaults:1 | Reached XP level 15. HP: 77/77 MP: 31/31
 59226 | Vaults:1 | Reached XP level 14. HP: 73/73 MP: 30/30
 59226 | Vaults:1 | Reached **** piety under Ru
 59226 | Vaults:1 | Reached ***** piety under Ru
 59228 | Vaults:1 | Identified the amulet of Keosh {Harm *Contam *Drain rPois rC++ MR+} (You found it in the Desolation of Salt)
 59254 | Vaults:1 | Noticed a vault warden
 59271 | Vaults:1 | Killed a vault warden
 60027 | Lair:6   | Reached XP level 15. HP: 51/77 MP: 25/31
 60402 | Lair:6   | Noticed an azure jelly
 61372 | Orc:2    | Bought a potion of cure mutation for 250 gold pieces
 61622 | Orc:2    | Reached skill level 17 in Transmutations
 61807 | Elf:2    | Found a runed door.
 61807 | Elf:2    | Found a runed door.
 61902 | Elf:2    | HP: 5/100 [deep elf mage/orb of energy (21)]
 61905 | Elf:2    | Slain by a glaive of chopping

Vault maps used:
D:1:      wheals_arrival_linesprint
D:2:      kennysheep_goblin_castle
D:3:      ecumenical_altar_1
D:4:      kb_forest_paths, first_bread, serial_shops, shop_fountains
D:5:      fedhas_altar_1
D:6:      elyvilon_altar_4, uniq_duvessa
D:7:      grunt_livestock
D:8:      serial_shops, kennysheep_mini, kennysheep_generic_room_14
D:9:      orc_0_dummy, uniq_maurice
D:10:     david_lair_generic, serial_shops, nicolae_shop_stone, shop_statue
D:12:     minmay_bloctagon_deflated, kb_tengu_band
D:13:     minmay_tri_stars, serial_shops, nicolae_shop_overgrown_old_shop,
          uniq_nessos, uniq_kirke, uniq_sonja
D:14:     david_vaults_5, evilmike_minifort
D:15:     grunt_enter_depths_snipers, uniq_azrael
Temple:   nicolae_temple_the_god_donut
Lair:1:   lab_entry_generic, lemuel_fruit_fields, serial_bayou_shore_a
Lair:2:   dummy_snake_entry, serial_bayou_shore_b
Lair:3:   minmay_shoals_entry_hut, portal_ice_cave_rime,
          bh_autumn_forest_stairs, serial_bayou_shore_b
Lair:5:   nicolae_slime_entry_slimehenge, zaba_antful_of_joy
Lair:6:   evil_forest, special_room, minmay_lair_oklob_bushes
Shoals:1: nicolae_shoals_seven_spires
Shoals:2: ldierk_geyser, overgrown_statue, uniq_donald
Snake:1:  nicolae_snake_single_loop
Snake:2:  serial_bayou_shore_b, uniq_aizul
Snake:3:  serial_bayou_pond_a, grunt_ministairs_9, basic_stair_grate_trap,
          uniq_vashnia
Snake:4:  johnstein_snake_rune_scales, st_stairs_14
Orc:1:    cheibrodos_orc_bank, uniq_harold, uniq_urug, uniq_erolcha
Orc:2:    st_orc_elflike
Elf:1:    minmay_elf_arrival_plus, portal_desolation_entry_holy_temple,
          small_chamber_with_monster, minmay_strange_pillars
Elf:2:    basic_altar, guppyfry_library_mini, lemuel_elevator
Elf:3:    minmay_elf_hall, uniq_roxanne
Vaults:1: ontoclasm_vaults_hangar, vaults_room_corners,
          nicolae_vaults_shelves_hall, grunt_vaults_twisty, serial_ice_m,
          serial_shops, shop
Vaults:2: nicolae_vaults_network_s, v_misc_27, nicolae_vaults_bisected_exclaves,
          ontoclasm_vaults_gateway, v_misc_4, nicolae_vaults_network_star,
          v_rooms_5, st_spiral_rooms, serial_shops, nicolae_shop_waterfront,
          uniq_saint_roka
Depths:1: dk_noncrumbling_3, hell_entry, kennysheep_generic_room_13,
          uniq_jorgrun
IceCv:    ice_cave_statue_garden_teleport

Skill      XL: |  1  2  3  4  5  6  7  8  9 10 11 12 13 14 15 16 17 |
---------------+----------------------------------------------------+-----
Transmutations | 3 4 5 6 7 8 13 14 15 17 | 17.5
Dodging        | 3 4 5 6 8 9 10 11 12 14 | 14.3
Stealth        | 1 2 4 5 6 7 9 10 11 12 14 | 14.9
Fighting       | 2 4 5 6 7 8 9 10 11 12 13 15 | 15.4
Unarmed Combat | 4 5 6 7 8 9 11 12 13 15 | 15.7
Spellcasting   | 11 | 11.0
Earth Magic    | 5 |  5.4
Translocations | 3 13 12 | 13.9

Action                   |  1- 3 |  4- 6 |  7- 9 | 10-12 | 13-15 | 16-18 || total
-------------------------+-------+-------+-------+-------+-------+-------++-------
Melee: Unarmed           |    90 |   189 |   275 |  1320 |  1407 |  1244 ||  4525
       Punch             |     1 |       |     3 |    42 |    67 |    64 ||   177
       Bite              |     4 |     8 |    23 |   105 |   140 |   129 ||   409
       Headbutt          |     2 |     3 |     4 |       |       |       ||     9
       Tailslap          |       |       |       |       |    11 |     3 ||    14
 Cast: Beastly Appendage |    15 |     5 |     4 |     3 |       |     1 ||    28
       Spider Form       |     3 |    33 |    24 |    33 |       |       ||    93
       Blade Hands       |       |       |    27 |   128 |     5 |     2 ||   162
       Repel Missiles    |       |       |       |     2 |     7 |    24 ||    33
       Statue Form       |       |       |       |    39 |   129 |   115 ||   283
       Blink             |       |       |       |     6 |     7 |    14 ||    27
       Ice Form          |       |       |       |     5 |     4 |     3 ||    12
       Dragon Form       |       |       |       |     1 |    14 |     4 ||    19
Invok: Reject Sacrifices |       |       |     1 |     1 |     2 |       ||     4
       Sacrifice Purity  |       |       |       |     1 |       |     1 ||     2
       Sacrifice an Eye  |       |       |       |     1 |       |       ||     1
       Draw Out Power    |       |       |       |       |     2 |     9 ||    11
       Sacrifice Experie |       |       |       |       |     1 |       ||     1
       Sacrifice Love    |       |       |       |       |     1 |       ||     1
 Abil: End Transformatio |     7 |    20 |    37 |   147 |    92 |    61 ||   364
Evoke: Wand              |       |       |     2 |     4 |     8 |     8 ||    22
       Fan of gales      |       |       |       |       |       |     2 ||     2
  Use: Potion            |     1 |     2 |     4 |    16 |     5 |    14 ||    42
       Scroll            |     1 |       |     7 |    30 |     6 |    15 ||    59
 Stab: Sleeping          |     5 |     5 |     4 |    51 |    51 |    53 ||   169
       Distracted        |       |       |     1 |     4 |     6 |    14 ||    25
       Petrified         |       |       |       |     1 |       |       ||     1
       Confused          |       |       |       |     1 |       |       ||     1
       Invisible         |       |       |       |       |       |     5 ||     5
  Eat: Chunk             |     9 |    12 |    24 |   104 |    90 |    62 ||   301
       Pizza             |       |       |       |     1 |     3 |     9 ||    13
       Royal jelly       |       |       |       |     1 |     1 |       ||     2
       Beef jerky        |       |       |       |       |       |     8 ||     8
Armor: Skin              |    13 |    24 |    11 |   241 |   424 |   425 ||  1138
Dodge: Dodged            |    61 |   195 |   215 |  1188 |  2078 |  2071 ||  5808
       Deflected         |       |       |       |     2 |    19 |    63 ||    84
Block: Other             |       |       |       |       |    14 |       ||    14
       Reflection        |       |       |       |       |     3 |       ||     3
